 Dungeon Crawl Stone Soup version 0.28-a0-863-g8cecda6153 (webtiles) character file.

Game seed: 7207236528339939709

2830 gigimoi the Grappler (level 9, -4/85 HPs)
             Began as a Troll Transmuter on Nov 17, 2021.
             Was an Initiate of Sif Muna.
             Slain by a polar bear (12 damage)
             ... created by the rage of Trog
             ... on level 7 of the Dungeon.
             The game lasted 00:25:20 (6489 turns).

gigimoi the Grappler (Troll Transmuter)             Turns: 6489, Time: 00:25:21

Health: -4/85      AC:  7    Str: 23    XL:     9   Next: 45%
Magic:  0/12       EV:  7    Int:  9    God:    Sif Muna [......]
Gold:   943        SH:  6    Dex: 10    Spells: 11/14 levels left

rFire   . . .      SeeInvis .     - Unarmed
rCold   . . .      Faith    .   y - +0 kite shield
rNeg    . . .      Spirit   +   n - +0 troll leather armour
rPois   .          Reflect  .   (helmet currently unavailable)
rElec   .          Harm     .   o - +0 cloak
rCorr   .          Rampage  .   (gloves unavailable)
Will    .....                   (boots unavailable)
Stlth   +.........              g - amulet of guardian spirit
HPRegen 2.24/turn               (no ring)
MPRegen 0.13/turn               (no ring)

@: appendages, wereblooded, very slightly contaminated
A: horns 2, talons 2, large, unfitting armour, claws 3, regeneration 1, shaggy
fur 1, tough skin 1
a: End Transformation, Renounce Religion


You were on level 7 of the Dungeon.
You worshipped Sif Muna.
Sif Muna was noncommittal.
You had temporarily grown beastly horns and talons.
You visited 2 branches of the dungeon, and saw 8 of its levels.

You collected 997 gold pieces.
You spent 54 gold pieces at shops.

Inventory:

Armour
 a - a +0 robe
 n - a +0 troll leather armour (worn)
 o - a +0 cloak (worn)
 y - a +0 kite shield (worn)
Magical Staves
 f - a staff of death
Jewellery
 g - an amulet of guardian spirit (around neck)
Wands
 h - a wand of mindburst (20)
 t - a wand of iceblast (11)
 v - a wand of charming (5)
Scrolls
 b - 3 scrolls of magic mapping
 k - 7 scrolls of identify
 m - 2 scrolls of noise {unknown}
 r - a scroll of enchant weapon
 u - a scroll of vulnerability {unknown}
 w - a scroll of teleportation
 x - a scroll of torment {unknown}
Potions
 c - 2 potions of ambrosia
 d - 2 potions of curing {unknown}
 e - a potion of brilliance
 i - a potion of might {unknown}
 j - 2 potions of lignification
 l - a potion of attraction
 p - a potion of invisibility {unknown}
 q - a potion of degeneration {unknown}
 s - a potion of mutation {unknown}
 z - a potion of haste {unknown}


   Skills:
 + Level 4.4 Fighting
 + Level 3.9 Armour
 - Level 2.5 Dodging
 * Level 8.4 Unarmed Combat
 + Level 3.1 Spellcasting
 - Level 2.9 Transmutations
 + Level 3.2 Invocations


You had 11 spell levels left.
You knew the following spells:

 Your Spells              Type           Power      Damage    Failure   Level
a - Beastly Appendage     Tmut           12%        N/A       56%         1
b - Wereblood             Tmut           6%         N/A       71%         2

Your spell library contained the following spells:

 Spells                   Type           Power      Damage    Failure   Level
 Magic Dart               Conj           4%         1d3       94%         1
 Call Imp                 Summ           1%         N/A       98%         2
 Spider Form              Tmut/Pois      4%         N/A       98%         3
 Mephitic Cloud           Conj/Pois/Air  1%         N/A       100%        3
 Ice Form                 Ice/Tmut       4%         N/A       100%        4


Dungeon Overview and Level Annotations

Branches:
Dungeon (7/15)             Temple (1/1) D:5

Altars:
Ashenzari
Cheibriados
Dithmenos
Elyvilon
Fedhas
Gozag
Hepliaklqana
Kikubaaqudgha
Makhleb
Nemelex Xobeh
Okawaru
Qazlal
Ru
Sif Muna
Trog
Uskayaw
Vehumet
Wu Jian
Xom
Yredelemnul
Zin
The Shining One

Shops:
D:3 *   D:4 (


Innate Abilities, Weirdness & Mutations

You have temporarily grown beastly horns and talons.
You are too large for most types of armour.
You have claws for hands.
Your natural rate of healing is unusually fast.
You are covered in fur. (AC +1)
You have tough skin. (AC +1)


Message History

You grow a pair of large bovine horns.
Your feet morph into talons.
The polar bear bites you!! The polar bear claws you. x2
The black bear barely misses you. The black bear claws you.
The black bear claws you but does no damage.
You block the polar bear's attack. The polar bear completely misses you.
The polar bear claws you but does no damage.
You block the polar bear's attack.
The polar bear claws you but does no damage. x2
Casting: Beastly Appendage (safe; 56% risk of failure)
Confirm with . or Enter, or press ? or * to list all spells.
Your blood is infused with primal strength.
The polar bear completely misses you. The polar bear barely misses you. x3
You block the polar bear's attack.
The polar bear claws you but does no damage.
The polar bear bites you. The polar bear barely misses you.
The polar bear claws you but does no damage.
The polar bear bites you. The polar bear closely misses you.
The polar bear claws you but does no damage.
You claw the polar bear!
You claw the polar bear, but do no damage.
You headbutt the polar bear, but do no damage.
The polar bear is lightly wounded.
The polar bear bites you!!
* * * LOW HITPOINT WARNING * * *
The polar bear claws you.
* * * LOW HITPOINT WARNING * * *
The polar bear claws you but does no damage.
The polar bear bites you.
* * * LOW HITPOINT WARNING * * *
You block the polar bear's attack. The polar bear claws you.
* * * LOW HITPOINT WARNING * * *
The polar bear bites you.
* * * LOW HITPOINT WARNING * * *
You block the polar bear's attack. The polar bear claws you.
* * * LOW HITPOINT WARNING * * *
The black bear rages.
The polar bear bites you but does no damage.
The polar bear claws you but does no damage.
The polar bear closely misses you. The polar bear bites you!
You die...

.^...# #.######.# #.....#
.....#####.# #.# #####.#
........##.# #.# #.#
........##.# #.# #.#
###'#...##.# #.#### #.#
#.#.[.##.######....# #.#
##'#...##.##..)'....# #.#
#.....)...##.###h...# #.#
#.............h@##### #.#
#............##h##############.#
#........###...hh..............#
#...............################
#.........##.#### #.........##.#
######'#####.# #. ..#


You could see 3 polar bears and 2 black bears.

Vanquished Creatures
  Joseph (D:7)
  A troll (D:7)
  A hornet (D:7)
  Eustachio (D:4)
  2 steam dragons
  4 black bears
  An ice beast (D:6)
  A necrophage (D:6)
  6 ogres
  A centaur (D:6)
  4 wights (D:7)
  A centaur zombie (D:7)
  A bullfrog zombie (D:5)
  3 hounds
  A centaur skeleton (D:7)
  An orc priest (D:3)
  An orc wizard (D:7)
  An iguana (D:6)
  A howler monkey skeleton (D:6)
  A howler monkey zombie (D:6)
  4 gnolls (D:5)
  3 adders
  A river rat (D:4)
  A white imp (D:5)
  5 worms
  3 dart slugs
  9 orcs
  7 bats
  6 endoplasms
  2 giant cockroaches
  3 goblins
  6 hobgoblins
  3 jackals
  4 kobolds
  5 quokkas
  4 ball pythons
  5 frilled lizards
  6 rats
111 creatures vanquished.

Vanquished Creatures (others)
  A plant (D:2)
1 creature vanquished.

Grand Total: 112 creatures vanquished

Notes
Turn   | Place    | Note
-------+----------+-------------------------------------------
     0 | D:1      | gigimoi the Troll Transmuter began the quest for the Orb.
     0 | D:1      | Reached XP level 1. HP: 18/18 MP: 1/1
   148 | D:1      | Reached skill level 1 in Fighting
   148 | D:1      | Reached XP level 2. HP: 27/27 MP: 2/2
   282 | D:1      | Found a faded altar of an unknown god.
   729 | D:2      | Reached XP level 3. HP: 33/33 MP: 1/3
  1139 | D:3      | Reached XP level 4. HP: 39/41 MP: 1/5
  1551 | D:3      | Learned a level 2 spell: Wereblood
  1651 | D:3      | Identified a scroll of acquirement
  1651 | D:3      | Acquired 627 gold pieces
  1785 | D:3      | Found Wuoruceg's General Store.
  1825 | D:3      | Bought a +0 cloak for 54 gold pieces
  2003 | D:4      | Reached skill level 4 in Unarmed Combat
  2015 | D:4      | Noticed Eustachio
  2123 | D:4      | Reached XP level 5. HP: 47/48 MP: 2/6
  2190 | D:4      | Noticed an ogre
  2196 | D:4      | Killed an ogre
  2256 | D:4      | Noticed an ogre
  2263 | D:4      | Killed an ogre
  2264 | D:4      | Reached skill level 1 in Armour
  2264 | D:4      | Reached XP level 6. HP: 32/57 MP: 2/7
  2364 | D:4      | Killed Eustachio
  2365 | D:4      | Reached skill level 5 in Unarmed Combat
  2405 | D:4      | Reached XP level 7. HP: 50/66 MP: 4/9
  2728 | D:4      | Found Hor Cepn's Weapon Emporium.
  2915 | D:5      | Entered Level 5 of the Dungeon
  3520 | D:5      | Found a staircase to the Ecumenical Temple.
  3696 | Temple   | Entered the Ecumenical Temple
  3816 | Temple   | Became a worshipper of Trog the Wrathful
  4019 | D:5      | Found an iron altar of Okawaru.
  4148 | Temple   | Fell from the grace of Trog
  4148 | Temple   | Became a worshipper of Sif Muna the Loreminder
  4281 | D:6      | Reached skill level 6 in Unarmed Combat
  4379 | D:6      | Reached XP level 8. HP: 73/75 MP: 4/10
  4575 | D:6      | Reached skill level 1 in Invocations
  5250 | D:6      | Reached skill level 7 in Unarmed Combat
  5762 | D:7      | Noticed a hornet
  5773 | D:7      | Killed a hornet
  5879 | D:7      | Noticed Joseph
  5895 | D:7      | Killed Joseph
  5896 | D:7      | Reached XP level 9. HP: 82/84 MP: 8/12
  6079 | D:7      | Reached skill level 8 in Unarmed Combat
  6276 | D:7      | Noticed a troll
  6283 | D:7      | Killed a troll
  6485 | D:7      | Noticed a polar bear
  6485 | D:7      | Noticed a polar bear
  6485 | D:7      | Noticed a polar bear
  6489 | D:7      | Slain by a polar bear

Illustrated notes

Levels and vault maps discovered:
D:1:      minmay_arrival_hallway, layout_basic,
          hellmonk_ecumenical_altar_crossroads, minmay_tetromino_o2
D:2:      layout_rooms, serial_forest, infiniplex_forest_lined_3,
          infiniplex_forest_end_2, infiniplex_forest_clump_small,
          infiniplex_forest_corner_1, infiniplex_forest_clump_curved,
          infiniplex_forest_clump_double, infiniplex_forest_clump_small,
          due_unseen_surprise
D:3:      layout_loops_ring, serial_shops, shop
D:4:      layout_rooms, portal_sewer_entry_b, serial_shops,
          nicolae_shop_bloodbath_and_beyond, chequers_serial_rivers_small_a,
          chequers_serial_rivers_room_b, uniq_eustachio
D:5:      layout_basic, lemuel_crystal_altar, minmay_temple_entry_glassed_door
D:6:      layout_basic
D:7:      layout_basic, uniq_joseph, uniq_menkaure
Temple:   mainiacjoe_temple_hex_bubbles

Skill      XL: |  1  2  3  4  5  6  7  8  9 |
---------------+----------------------------+-----
Fighting       | 1 2 3 4 |  4.4
Dodging        | 2 |  2.5
Unarmed Combat | 4 5 6 7 8 |  8.4
Transmutations | 2 |  2.9
Armour         | 1 2 3 |  3.9
Spellcasting   | 2 3 |  3.1
Invocations    | 2 3 |  3.2

Action                   |  1- 3 |  4- 6 |  7- 9 || total
-------------------------+-------+-------+-------++-------
Melee: Unarmed           |    73 |    88 |   156 ||   317
       Punch             |     1 |       |     2 ||     3
       Kick              |     4 |    10 |    38 ||    52
       Headbutt          |     2 |     7 |    26 ||    35
 Cast: Beastly Appendage |    10 |    15 |    33 ||    58
       Wereblood         |       |     4 |    16 ||    20
  Use: Scroll            |     1 |     2 |     3 ||     6
       Potion            |       |       |     3 ||     3
 Stab: Sleeping          |     1 |       |       ||     1
Armor: Robe              |    24 |    20 |       ||    44
       Troll leather arm |       |    21 |    68 ||    89
Dodge: Dodged            |    38 |    53 |    92 ||   183
Block: Kite shield       |       |       |     6 ||     6

Table legend: (Time is in decaauts)
 A = Elapsed time spent in this place.
 B = Non-inter-level travel time spent in this place.
 C = Inter-level travel time spent in this place.
 D = Time resting spent in this place.
 E = Time spent auto-exploring this place.
 F = Levels seen in this place.
 G = Mean time per level.
                   A        B        C        D        E       F      G
               +--------+--------+--------+--------+--------+-----+--------+
         Total |   6477 |   5806 |    671 |    596 |   4267 |   8 |  809.6 |
       Dungeon |   6168 |   5564 |    604 |    596 |   4030 |   7 |  881.1 |
        Temple |    308 |    241 |     67 |      0 |    237 |   1 |  308.0 |
               +--------+--------+--------+--------+--------+-----+--------+

Top non-repeatable levels by time:
     D:6: 1312 daAuts
     D:5: 978 daAuts
     D:3: 961 daAuts
     D:7: 904 daAuts
     D:4: 878 daAuts
     D:2: 615 daAuts
     D:1: 517 daAuts
  Temple: 308 daAuts
